 Dungeon Crawl Stone Soup version 0.29.1-2-gbd0b4ee654 (webtiles) character file.

Game seed: 12586701748981833208

169 qeuew the Trooper (level 5, -7/42 HPs)
             Began as a Demonspawn Fighter on Nov 17, 2022.
             Killed by nerve-wracking pain
             ... invoked by a shadow imp
              (13 damage)
             ... on level 4 of the Dungeon.
             The game lasted 00:04:15 (3471 turns).

qeuew the Trooper (Demonspawn Fighter)              Turns: 3471, Time: 00:04:17

Health: -7/42      AC:  7    Str: 15    XL:     5   Next: 25%
Magic:  5/5        EV:  9    Int:  9    God:
Gold:   168        SH:  6    Dex: 18    Spells: 4/4 levels left

rFire   . . .      SeeInvis .   a - +0 war axe
rCold   . . .      Faith    .   c - +1 buckler
rNeg    . . .      Spirit   .   b - +0 scale mail
rPois   .          Reflect  .   (helmet restricted)
rElec   .          Harm     .   (no cloak)
rCorr   .          Rampage  .   (no gloves)
Will    .....                   (no boots)
Stlth   ..........              (no amulet)
HPRegen 0.14/turn               (no ring)
MPRegen 0.09/turn               (no ring)

@: mighty, studying Dodging
A: antennae 2, rugged brown scales 1, foul stench 1, agile 1, wild magic 1
a: no special abilities


You were on level 4 of the Dungeon.
You visited 1 branch of the dungeon, and saw 4 of its levels.

You collected 168 gold pieces.

Inventory:

Hand Weapons
 a - a +0 war axe (weapon)
Armour
 b - a +0 scale mail (worn)
 c - a +1 buckler (worn)
Jewellery
 h - an amulet of faith
Potions
 d - a potion of might
 f - a potion of flight
 i - 3 potions of brilliance


   Skills:
 + Level 3.6 Fighting
 * Level 3.1 Axes
 + Level 3.2 Armour
 + Level 1.9 Dodging
 + Level 3.3 Shields


You had 4 spell levels left.
You didn't know any spells.
Your spell library contained the following spells:

 Spells                   Type           Power      Damage    Failure   Level
 Apportation              Tloc           0%         N/A       94%         1
 Necrotise                Necr           0%         1d4       94%         1
 Summon Small Mammal      Summ           0%         N/A       94%         1
 Sublimation of Blood     Necr           0%         N/A       98%         2
 Wereblood                Tmut           0%         N/A       98%         2
 Call Canine Familiar     Summ           0%         N/A       100%        3
 Gell's Gravitas          Tloc           0%         N/A       100%        3
 Summon Guardian Golem    Hex/Summ       0%         N/A       100%        3
 Teleport Other           Tloc           0%         N/A       100%        3
 Airstrike                Air            0%         2d(0-16)  100%        4
 Summon Lightning Spire   Summ/Air       0%         N/A       100%        4
 Lightning Bolt           Conj/Air       0%         1d11      100%        5
 Dispersal                Tloc           0%         N/A       100%        6
 Summon Hydra             Summ           0%         N/A       100%        7


Dungeon Overview and Level Annotations

Branches:
Dungeon (4/15)
 Temple: D:4-7

Altars:
Ashenzari

Shops:
D:1 !

Annotations:
D:3 2 transporters, qeuew's ghost, amateur MeWr


Innate Abilities, Weirdness & Mutations

You have a pair of antennae on your head.
You are partially covered in rugged brown scales. (AC +1, +3% HP)
You may rarely emit foul miasma when damaged in melee.
You are agile. (Dex +4, Str/Int -1)
Your spells are a little harder to cast, but a little more powerful.


Message History

The phantom is heavily damaged.
You barely miss the shadow imp. The shadow imp barely misses you.
The phantom misses you. The shadow imp gestures at you.
Pain shoots through your body!
The phantom hits you but does no damage.
You barely miss the shadow imp.
The shadow imp is lightly wounded.
You barely miss the phantom.
The phantom hits you but does no damage.
The shadow imp hits you.
Unknown command.
You hit the shadow imp but do no damage.
The shadow imp is lightly wounded.
You hit the phantom but do no damage. The shadow imp hits you.
* * * LOW HITPOINT WARNING * * *
The phantom hits you.
* * * LOW HITPOINT WARNING * * *
The phantom blinks!
You blink.
The phantom barely misses you.
You feel very mighty all of a sudden. The shadow imp barely misses you.
You block the phantom's attack.
You closely miss the shadow imp.
The shadow imp is lightly wounded.
You closely miss the phantom.
The phantom hits you but does no damage.
The shadow imp grinds its teeth.
The shadow imp closely misses you.
You hit the shadow imp.
The shadow imp is moderately wounded.
You slash the phantom!
The shadow imp hits you but does no damage.
The phantom hits you.
* * * LOW HITPOINT WARNING * * *
You hit the shadow imp.
The shadow imp is severely wounded.
You barely miss the phantom. The shadow imp barely misses you.
You block the phantom's attack. x2
The shadow imp gestures at you. Pain shoots through your body!
You die...

###### ........# #####
........###### #....
.............# #....
..........W.:# #....
#.......@...# #....
#.$....5....# #....
#...........# #######....
+...........+ ......'....
###...........#########....
..............+............
.............####......)))
###......[....# #......).)
..............####.........


You could see a phantom and a shadow imp.

Vanquished Creatures
  An orc wizard (D:4)
  Robin (D:2)
  5 adders
  A worm (D:2)
  2 dart slugs
  4 orcs (D:4)
  5 endoplasms
  A giant cockroach (D:1)
  16 goblins
  5 hobgoblins
  3 jackals (D:1)
  4 kobolds
  A quokka (D:2)
  10 ball pythons
  9 bats
  5 frilled lizards
  4 rats
77 creatures vanquished.

Notes
Turn   | Place    | Note
-------+----------+-------------------------------------------
     0 | D:1      | qeuew the Demonspawn Fighter began the quest for the Orb.
     0 | D:1      | Reached XP level 1. HP: 18/18 MP: 1/1
   199 | D:1      | Gained mutation: You have a pair of small antennae on your
                  | head. [demonic ancestry]
   199 | D:1      | Reached XP level 2. HP: 20/24 MP: 2/2
   394 | D:1      | Found Ahich's Distillery.
   457 | D:1      | Found a faded altar of an unknown god.
   764 | D:2      | Gained mutation: You are partially covered in rugged brown
                  | scales. (AC +1, +3% HP) [demonic ancestry]
   764 | D:2      | Reached XP level 3. HP: 24/29 MP: 3/3
   924 | D:2      | Reached skill level 1 in Dodging
  1204 | D:2      | Gained mutation: You have a pair of antennae on your head.
                  | [demonic ancestry]
  1204 | D:2      | Reached XP level 4. HP: 25/36 MP: 4/4
  1501 | D:2      | Noticed Robin
  1530 | D:2      | Killed Robin
  2101 | D:2      | Identified a scroll of acquirement
  2101 | D:2      | Acquired a manual of Dodging
  2104 | D:2      | Gained mutation: You are weak. (Str -2) [potion of
                  | mutation]
  2210 | D:3      | Lost mutation: You are weak. (Str -2) [potion of mutation]
  2210 | D:3      | Gained mutation: Your spells are a little harder to cast,
                  | but a little more powerful. [potion of mutation]
  2210 | D:3      | Gained mutation: You are agile. (Dex +4, Str/Int -1)
                  | [potion of mutation]
  2533 | D:3      | Found a transporter.
  2534 | D:3      | Noticed qeuew's ghost (amateur MeWr)
  2536 | D:3      | Found a transporter.
  2984 | D:3      | Found a broken altar of Ashenzari.
  3171 | D:4      | Gained mutation: You may rarely emit foul miasma when
                  | damaged in melee. [demonic ancestry]
  3171 | D:4      | Reached XP level 5. HP: 15/42 MP: 5/5
  3459 | D:4      | Noticed a phantom
  3471 | D:4      | Killed from afar by a shadow imp

Illustrated notes

Levels and vault maps discovered:
D:1:      lightli_arrival_statuegarden, layout_basic,
          dilly_ecumenical_altar_fadedgnrine, serial_shops, shop,
          grunt_decor_fettered
D:2:      layout_loops_corners, uniq_robin
D:3:      layout_basic, nicolae_overflow_hidden_temple, gammafunk_ghost_arena,
          kennysheep_potato
D:4:      minmay_angry_zag, layout_basic, minmay_temple_entry_stoned_glass,
          serial_shops, nicolae_diamond_shop, uniq_natasha

Skill      XL: |  1  2  3  4 |
---------------+-------------+-----
Axes           | 2 3 |  3.1
Shields        | 3 |  3.3
Armour         | 3 |  3.2
Dodging        | 1 |  1.9
Fighting       | |  3.6

Action                   |  1- 3 |  4- 6 || total
-------------------------+-------+-------++-------
Melee: War axe           |    78 |   130 ||   208
  Use: Potion            |     3 |     4 ||     7
       Scroll            |     3 |     3 ||     6
Armor: Scale mail        |    49 |    74 ||   123
Dodge: Dodged            |    43 |    74 ||   117
Block: Buckler           |    24 |    43 ||    67
